 Dungeon Crawl Stone Soup version 0.15-a0-1373-g9317ecd (webtiles) character file.

551 DriftingPancake the Covered (level 7, -6/56 HPs)
             Began as a Formicid Fighter on June 10, 2014.
             Mangled by Crazy Yiuf
             ... wielding a +2,+2 quarterstaff of chaos
              (16 damage)
             ... on Level 3 of the Dungeon.
             The game lasted 00:05:24 (2259 turns).

DriftingPancake the Covered (Formicid Fighter)      Turns: 2259, Time: 00:05:24

HP  -6/56        AC  8     Str 22      XL: 7   Next: 54%
MP   9/9         EV  8     Int 13      God:
Gold 155         SH 10     Dex 10      Spells:  0 memorised,  6 levels left

rFire  . . .     SeeInvis +     a - +0 war axe
rCold  . . .     Clarity  .     b - +0 scale mail
rNeg   . . .     rCorr    .     c - +0 shield
rPois  .         rRot     .     (helmet unavailable)
rElec  .         Spirit   .     (no cloak)
SustAb .         Warding  .     z - +0 pair of gloves
rMut   .         Stasis   +     (no boots)
Gourm  .                        (no amulet)
MR     .....                    (no ring)
                                (no ring)

@: brilliant, not resistant to hostile enchantments, extremely unstealthy
A: permanent stasis, dig shafts and tunnels, four strong arms, antennae 3
a: Dig, Shaft Self


You were on level 3 of the Dungeon.
You were near starving.

You visited 1 branch of the dungeon, and saw 3 of its levels.

You collected 155 gold pieces.

Inventory:

Hand weapons
 a - a +0,+0 war axe (weapon)
Armour
 b - a +0 scale mail (worn)
 c - a +0 shield (worn)
 z - a +0 pair of gloves (worn)
Magical devices
 y - a wand of slowing (3)
Comestibles
 d - 2 bread rations
 n - a slice of pizza
 o - 4 fruits
 v - a meat ration
 D - a beef jerky
Scrolls
 e - a scroll of noise {unknown}
 g - a scroll of magic mapping {unknown}
 h - a scroll of enchant weapon I {unknown}
 i - a scroll of teleportation {unknown}
 j - 2 scrolls of amnesia {unknown}
 k - 4 scrolls of identify {unknown}
 l - 2 scrolls of enchant armour {unknown}
 p - 2 scrolls of random uselessness {unknown}
 s - 2 scrolls of blinking {unknown}
 w - a scroll of fear {unknown}
 x - a scroll of remove curse {unknown}
 A - a scroll of fog {unknown}
 C - a scroll of immolation {unknown}
Potions
 f - a potion of curing
 m - a potion of brilliance
 q - a potion of heal wounds
 r - 2 potions of paralysis {unknown}
 u - a potion of restore abilities {unknown}
Books
 t - a book of the Tempests

   Spells                             Type                      Level
   Static Discharge                   Conjuration/Air              3
   Lightning Bolt                     Conjuration/Air              5
   Fireball                           Conjuration/Fire             5
   Tornado                            Air                          9
   Shatter                            Earth                        9


   Skills:
 + Level 5.0 Fighting
 + Level 4.3 Axes
 + Level 5.5 Armour
 + Level 5.5 Shields


You had 6 spell levels left.
You didn't know any spells.

Dungeon Overview and Level Annotations

Branches:
Dungeon (3/15)

Altars:
Cheibriados
Makhleb
The Shining One

Annotations:
D:3 Crazy Yiuf


Innate Abilities, Weirdness & Mutations

Your are under a permanent stasis effect.
You can dig through walls and to a lower floor.
Your four strong arms can wield two-handed weapons with a shield.
You have a pair of large antennae on your head (SInv).


Message History

Crazy Yiuf says, "Crazy?
Crazy!?
PORCUPINE!"
You block Crazy Yiuf's attack.
All of the chunks of flesh in your inventory have completely rotted away.
Crazy Yiuf yells, "Goober!"
Crazy Yiuf says, "Action broken dark!"
Crazy Yiuf screams, "Buddy down pontify!"
Evoke which item? (* to show all) (? for menu, Esc to quit)
Okay, then.
Drink which item? (? for menu, Esc to quit)
You feel clever all of a sudden.
It was a potion of brilliance.
You block Crazy Yiuf's attack.
You hit Crazy Yiuf but do no damage.
Crazy Yiuf is lightly wounded.
Crazy Yiuf hits you but does no damage.
You barely miss Crazy Yiuf.
Crazy Yiuf is lightly wounded.
Crazy Yiuf hits you with a quarterstaff of chaos.
* * * LOW HITPOINT WARNING * * *
Space warps horribly around you!
You die...

#...(......##...
#..###....#####.
#.###....### #. ##.#
#.##...## #.
##.<###.####..###.
#.......#####.....
#................<
###..############..
#.@..# ##.....
#g#..########......
#.##...............
###......>####.#.....
#..........# #.###.##
#..........###.# #.#
###........##..# #.#
#.####......####.##
#.#................


You could see Crazy Yiuf.

Vanquished Creatures
  A gnoll sergeant (D:3)
  3 gnoll shamans (D:3)
  2 adders (D:3)
  28 gnolls (D:3)
  An inept feature mimic (D:2)
  4 worms
  2 giant geckos
  2 orcs
  2 bats
  2 giant cockroaches
  6 goblins
  9 hobgoblins
  4 quokkas
  7 giant newts
  13 jackals
  5 kobolds
  5 rats
96 creatures vanquished.

Notes
Turn   | Place    | Note
--------------------------------------------------------------
     0 | D:1      | DriftingPancake, the Formicid Fighter, began the quest for the Orb.
     0 | D:1      | Reached XP level 1. HP: 18/18 MP: 1/1
    84 | D:1      | Reached XP level 2. HP: 24/24 MP: 3/3
   319 | D:1      | Reached skill level 4 in Shields
   319 | D:1      | Reached XP level 3. HP: 26/29 MP: 4/4
   666 | D:2      | Found a glowing golden altar of the Shining One.
   695 | D:2      | Reached XP level 4. HP: 35/37 MP: 5/5
   745 | D:2      | Found a snail-covered altar of Cheibriados.
   932 | D:2      | Found a burning altar of Makhleb.
   932 | D:2      | Noticed a green death
   935 | D:2      | Noticed an orange demon
   935 | D:2      | Noticed an orange demon
  1087 | D:3      | Reached XP level 5. HP: 39/42 MP: 7/7
  1400 | D:3      | Noticed a gnoll sergeant
  1410 | D:3      | Reached XP level 6. HP: 17/49 MP: 8/8
  1416 | D:3      | HP: 2/49 [gnoll sergeant/spear (2)]
  1428 | D:3      | Killed a gnoll sergeant
  1428 | D:3      | Reached skill level 5 in Armour
  1428 | D:3      | Reached skill level 5 in Shields
  1707 | D:3      | Reached XP level 7. HP: 55/55 MP: 9/9
  1806 | D:3      | Reached skill level 5 in Fighting
  2219 | D:3      | Noticed Crazy Yiuf
  2259 | D:3      | Mangled by Crazy Yiuf

Action                   |  1- 3 |  4- 6 |  7- 9 || total
-------------------------+-------+-------+-------++-------
Melee: War axe           |   101 |   130 |   111 ||   342
  Use: Potion            |       |     3 |     2 ||     5
